 Dungeon Crawl Stone Soup version 0.31-a0-7-g51783674b7 (console) character file.

Game seed: 14067632275365010582

4494 jejorda2 the Carver (level 10, -2/70 (77) HPs)
             Began as a Merfolk Berserker on May 5, 2023.
             Was a Priest of Trog.
             Slain by a wight
             ... wielding a +3 morningstar of freezing
              (7 damage)
             ... on level 8 of the Dungeon.
             The game lasted 00:16:31 (6825 turns).

jejorda2 the Carver (Merfolk Berserker)             Turns: 6825, Time: 00:16:32

HP:   -2/70 (77)    AC: 17    Str: 20      XL:     10   Next: 38%
MP:   10/10         EV:  5    Int:  6      God:    Trog [***...]
Gold: 59            SH: 12    Dex: 15 (16) Spells: 9/9 levels left

rFire   . . .        a - +1 falchion (spect)
rCold   . . .        u - +0 kite shield
rNeg    . . .        c - +0 plate armour
rPois   +            E - +2 hat
rElec   .            (no cloak)
rCorr   .            (no gloves)
SInv    .            (no boots)
Will    .....        (no amulet) Stlth
                     A - ring of poison resistance
HPRegen 0.31/turn    k - +4 ring of protection
MPRegen 0.12/turn

%: no passive effects
@: about to teleport, on berserk cooldown, slowed, drained, very slow
A: (nimble swimmer 2), mertail
a: Renounce Religion, Berserk, Trog's Hand


You were on level 8 of the Dungeon.
You worshipped Trog.
Trog was most pleased with you.
You visited 1 branch of the dungeon, and saw 8 of its levels.

You collected 299 gold pieces.
You spent 240 gold pieces at shops.

Inventory:

Hand Weapons
 a - a +1 spectral falchion (weapon)
 H - a +1 dagger of protection
Missiles
 b - 4 poisoned darts
 g - 120 stones (quivered)
 h - 2 curare-tipped darts
Armour
 c - a +0 plate armour (worn)
 o - a +0 helmet
 u - a +0 kite shield (worn)
 E - a +2 hat (worn)
Jewellery
 d - a +5 ring of evasion
 k - a +4 ring of protection (right hand)
 t - a ring of protection from cold
 A - a ring of poison resistance (left hand)
 G - a ring of see invisible
Wands
 y - a wand of light (19)
 z - a wand of mindburst (4)
Scrolls
 i - 2 scrolls of vulnerability
 n - a scroll of immolation
 q - a scroll of enchant weapon
 s - 5 scrolls of fear
 w - a scroll of teleportation
 x - 2 scrolls of brand weapon
Potions
 e - 4 potions of haste
 f - a potion of attraction
 l - 4 potions of curing
 p - a potion of invisibility
 r - 3 potions of cancellation
 v - a potion of lignification
 B - a potion of ambrosia {unknown}
 C - 2 potions of heal wounds


   Skills:
 + Level 6.3 Fighting
 - Level 14.1 Long Blades
 * Level 2.5 Armour
 - Level 2.6 Dodging
 - Level 10.7 Shields


You had 9 spell levels left.
You didn't know any spells.
Your spell library was empty.

Dungeon Overview and Level Annotations

Branches:
Dungeon (8/15)             Temple (0/1) D:5
   Lair: D:8-11

Altars:
Dithmenos
Fedhas
Gozag
Kikubaaqudgha
Qazlal
Xom

Shops:
D:6 =(


Innate Abilities, Weirdness & Mutations

((You are very nimble when in or above water. (Stealth+, EV+, Speed+++)))
Your lower body shifts to a powerful aquatic tail in water.


Message History

The wight hits you with a +3 morningstar of freezing!
The wight freezes you.
You closely miss the wight.
Your +1 spectral falchion hits the wight!
You barely miss the wight.
The wight is heavily damaged.
Your +1 spectral falchion hits the wight.
You are no longer berserk.
You are exhausted.
You feel yourself slow down. The wight hits you but does no damage.
You hit the wight.
The wight is lightly damaged.
Your +1 spectral falchion barely misses the wight.
You block the wight's attack.
The wight hits you with a +3 morningstar of freezing.
You feel drained. The wight freezes you.
The wight misses your +1 spectral falchion.
You slash the wight!
The wight is heavily damaged.
Your +1 spectral falchion hits the wight but does no damage.
You block the wight's attack.
The wight hits you with a +3 morningstar of freezing!
You feel drained. The wight freezes you.
The wight hits your +1 spectral falchion with a +3 falchion.
You hit the wight.
The wight is severely damaged.
Your +1 spectral falchion hits the wight but does no damage.
You block the wight's attack.
The wight hits you with a +3 morningstar of freezing!
* * * LOW HITPOINT WARNING * * *
You feel drained.
* * * LOW HITPOINT WARNING * * *
The wight freezes you!
* * * LOW HITPOINT WARNING * * *
The wight closely misses your +1 spectral falchion.
As you read the scroll of teleportation, it crumbles to dust.
You feel strangely unstable.
Your +1 spectral falchion disappears.
The wight hits you with a +3 morningstar of freezing!
You die...

##.. ... #.. ..# ##.
########.# ##
##.....##.# #####
##.........## #...##
#...........#####....#
...............##...####
......z@................
......zz.†.#####....#...
.........†.# ##...#####
...........# #....# #
......?...## #....# ##
..........# #...## #.
..........# #...# ##.
.........## ##...# #..
....... #...## #..


You could see 3 wights.

Vanquished Creatures
  A kobold demonologist (D:6)
  Grinder (D:3)
  A hornet (D:7)
  Eustachio (D:5)
  An acid dragon (D:8)
  A sky beast (D:8)
  A black bear (D:8)
  2 orc warriors
  2 ogres
  2 centaurs
  2 kobold brigands (D:6)
  3 bullfrogs (D:7)
  A scorpion (D:4)
  3 electric eels (D:7)
  A gnoll bouda (D:6)
  2 hounds
  4 jellies
  5 orc priests
  Jessica (D:3)
  Terence (D:3)
  2 iguanas (D:6)
  9 orc wizards
  3 gnolls (D:6)
  7 adders
  2 white imps
  2 ufetubi
  4 worms
  4 dart slugs
  20 orcs
  7 ball pythons
  4 endoplasms
  8 goblins
  5 hobgoblins
  3 quokkas
  3 bats
  4 frilled lizards
  13 kobolds
  12 rats
148 creatures vanquished.

Vanquished Creatures (others)
  5 dream sheep (D:3)
  5 plants (D:7)
  4 toadstools (D:1)
14 creatures vanquished.

Grand Total: 162 creatures vanquished

Notes
Turn   | Place    | Note
-------+----------+-------------------------------------------
     0 | D:1      | jejorda2 the Merfolk Berserker began the quest for the Orb.
     0 | D:1      | Reached XP level 1. HP: 18/18 MP: 1/1
    73 | D:1      | You fall into a shaft and drop 1 floor!
   123 | D:2      | Reached skill level 4 in Long Blades
   184 | D:2      | Reached XP level 2. HP: 19/24 MP: 2/2
   333 | D:2      | Reached XP level 3. HP: 30/30 MP: 3/3
   598 | D:1      | Found a faded altar of an unknown god.
   612 | D:1      | Reached skill level 5 in Long Blades
   792 | D:1      | Reached ** piety under Trog
  1045 | D:1      | Reached XP level 4. HP: 37/37 MP: 4/4
  1587 | D:3      | Noticed Grinder
  1598 | D:3      | Killed Grinder
  1599 | D:3      | Reached skill level 5 in Fighting
  1599 | D:3      | Reached skill level 6 in Long Blades
  1599 | D:3      | Reached XP level 5. HP: 44/44 MP: 5/5
  1599 | D:3      | Reached XP level 6. HP: 51/51 MP: 6/6
  1732 | D:3      | Reached skill level 7 in Long Blades
  1876 | D:3      | Noticed Jessica
  1885 | D:3      | Killed Jessica
  1952 | D:3      | Noticed a dream sheep
  1952 | D:3      | Noticed a dream sheep
  1952 | D:3      | Noticed a dream sheep
  1952 | D:3      | Noticed a dream sheep
  1952 | D:3      | Noticed a dream sheep
  1952 | D:3      | Found a shimmering altar of Xom.
  1956 | D:3      | Killed a dream sheep
  1956 | D:3      | Killed a dream sheep
  1957 | D:3      | Killed a dream sheep
  1957 | D:3      | Killed a dream sheep
  1957 | D:3      | Killed a dream sheep
  1963 | D:3      | Noticed Terence
  1971 | D:3      | Killed Terence
  1972 | D:3      | Reached skill level 1 in Shields
  2447 | D:4      | Reached XP level 7. HP: 56/56 MP: 7/7
  2519 | D:4      | Found an ancient bone altar of Kikubaaqudgha.
  2664 | D:4      | Found a stormy altar of Qazlal.
  2837 | D:4      | Reached skill level 8 in Long Blades
  3283 | D:5      | Entered Level 5 of the Dungeon
  3440 | D:5      | Found an opulent altar of Gozag.
  3611 | D:5      | Noticed Eustachio
  3679 | D:5      | Killed Eustachio
  3680 | D:5      | Reached skill level 9 in Long Blades
  3680 | D:5      | Reached XP level 8. HP: 45/64 MP: 8/8
  3823 | D:5      | Found a staircase to the Ecumenical Temple.
  4136 | D:6      | Noticed a kobold demonologist
  4155 | D:6      | Killed a kobold demonologist
  4156 | D:6      | Reached skill level 10 in Long Blades
  4174 | D:6      | Reached skill level 5 in Shields
  4180 | D:6      | HP: 2/64 [gnoll/+0 spear[a gnoll bouda] (5)]
  4188 | D:6      | HP: 3/64 [gnoll/+0 spear[a gnoll bouda] (4)]
  4213 | D:6      | Reached skill level 14 in Long Blades
  4213 | D:6      | Reached XP level 9. HP: 13/69 MP: 9/9
  4441 | D:6      | Found Negoj's Jewellery Boutique.
  4681 | D:6      | Found Cafur's Antique Weapon Boutique.
  4931 | D:6      | Reached skill level 10 in Shields
  4931 | D:6      | Reached XP level 10. HP: 76/76 MP: 10/10
  5177 | D:6      | Bought a ring of poison resistance for 240 gold pieces
  5194 | D:7      | Found a blossoming altar of Fedhas.
  5216 | D:7      | Found a shadowy altar of Dithmenos.
  6249 | D:8      | Reached *** piety under Trog
  6825 | D:8      | Slain by a wight

Illustrated notes

Levels and vault maps discovered:
D:1:      ldierk_walled_garden_2, layout_basic, basic_ecumenical_altar,
          grunt_decor_mini_mirrors, hex_large
D:2:      layout_loops_ring, minmay_box_of_dots
D:3:      layout_basic, kb_xom_exploding_sheep, serial_bayou_crossing,
          uniq_terence, uniq_jessica, uniq_grinder
D:4:      layout_loops_ring, mainiacjoe_overflow_boulevard,
          mainiacjoe_overflow_brackets
D:5:      layout_basic, nicolae_gozag_cash_rules_everything_around_me,
          minmay_temple_entry_from_below_b, uniq_eustachio
D:6:      layout_loops_ring, serial_shops, nicolae_shop_real_fake_doors,
          minmay_shop_grid_forest
D:7:      layout_cave_pools, fedhas_altar_2,
          mainiacjoe_overflow_concentric_impassable, serial_bayou_lagoon_b
D:8:      layout_cave_pods, lemuel_crystal_altar, lemuel_coloured_pillars_altar,
          nicolae_nh_ransacked_shop

Skill      XL: |  1  2  3  4  5  6  7  8  9 10 |
---------------+-------------------------------+-----
Long Blades    | 4 5 6 7 9 14 | 14.1
Fighting       | 4 5 6 |  6.3
Shields        | 1 2 9 10 | 10.7
Armour         | 2 |  2.5
Dodging        | |  2.6

Action                     |  1- 3 |  4- 6 |  7- 9 | 10-12 || total
---------------------------+-------+-------+-------+-------++-------
  Melee: Falchion          |   109 |    93 |   270 |   109 ||   581
         Tailslap          |       |       |       |     3 ||     3
  Throw: Stone             |       |       |     3 |       ||     3
 Invoke: Berserk           |     2 |     4 |     5 |     3 ||    14
         Trog's Hand       |       |     3 |     2 |       ||     5
  Evoke: Wand              |       |       |     2 |       ||     2
    Use: Scroll            |       |       |    16 |     4 ||    20
         Potion            |       |       |     5 |       ||     5
   Stab: Sleeping          |     1 |       |       |       ||     1
         Distracted        |       |       |     1 |     1 ||     2
 Armour: Animal skin       |     1 |       |       |       ||     1
         Ring mail         |    17 |    22 |     3 |       ||    42
         Scale mail        |       |       |    37 |       ||    37
         Chain mail        |       |       |    38 |    20 ||    58
         Leather armour    |       |       |     1 |       ||     1
         Plate armour      |       |       |       |     7 ||     7
  Dodge: Dodged            |    79 |    44 |   175 |    16 ||   314
  Block: Kite shield       |       |    19 |   134 |    35 ||   188

Table legend: (Time is in decaauts)
 A = Elapsed time spent in this place.
 B = Non-inter-level travel time spent in this place.
 C = Inter-level travel time spent in this place.
 D = Time resting spent in this place.
 E = Time spent auto-exploring this place.
 F = Levels seen in this place.
 G = Mean time per level.
                   A        B        C        D        E       F      G
               +--------+--------+--------+--------+--------+-----+--------+
         Total |   6866 |   6537 |    329 |    557 |   4732 |   8 |  858.2 |
       Dungeon |   6866 |   6537 |    329 |    557 |   4732 |   8 |  858.2 |
               +--------+--------+--------+--------+--------+-----+--------+

Top non-repeatable levels by time:
     D:6: 1138 daAuts
     D:7: 1039 daAuts
     D:3: 872 daAuts
     D:4: 867 daAuts
     D:2: 835 daAuts
     D:5: 770 daAuts
     D:1: 769 daAuts
     D:8: 573 daAuts
